Map: [ESL] Site Delta

Players

Bunny

  • Race: Terran Terran
  • Spawn Location: 11:00

GuMiho - Winner!

  • Race: Terran Terran
  • Spawn Location: 5:00

Event: ESL SC2 Masters 2023 Winter (Finals)

VOD

Have the link to the VOD?

Description

Time

  • Played on: Dec. 16, 2023, 10:05 a.m.
  • Length: 11:12

All games in this series

Show
View Real Time Build Order
Export as new Build Order

Bunny Terran 

Build Orders:  

Get SALT Encoding   

  12  0:00  SCV  
  13  0:12  SCV  
  14  0:17  Supply Depot  
  14  0:24  SCV  
  15  0:38  SCV  
  15  0:39  Barracks  
  15  0:42  Refinery  
  16  0:50  SCV  
  16  0:52  Refinery  
  17  1:03  SCV  
  18  1:15  SCV  
  19  1:26  Reaper  
  19  1:27  Orbital Command  
  19  1:30  Supply Depot  
  20  1:40  Factory  
  20  1:52  SCV  
  21  1:58  Reaper  
  22  2:04  SCV  
  23  2:14  Command Center  
  23  2:17  SCV  
  24  2:25  Hellion  
  24  2:29  SCV  
  26  2:30  Marine  
  26  2:41  SCV  
  25  2:46  Hellion  
  25  2:48  Marine  
  27  2:53  SCV  
  25  3:06  Marine, SCV  
  25  3:07  Hellion  
  25  3:18  SCV  
  25  3:24  Marine  
  26  3:29  Cyclone  
  26  3:31  SCV  
  29  3:38  Supply Depot  
  29  3:43  SCV  
  28  3:55  Command Center  
  26  3:56  SCV  
  26  4:02  Cyclone  
  29  4:08  SCV  
  30  4:16  Starport  
  30  4:17  Barracks Reactor  
  30  4:20  SCV  
  30  4:25  Supply Depot  
  30  4:32  SCV  
  30  4:34  Factory Tech Lab  
  31  4:44  SCV  
  32  4:53  Starport Tech Lab  
  32  4:54  Siege Tank  
  32  4:56  SCV, Marine x2  
  38  5:08  SCV  
  38  5:12  Raven  
  38  5:13  Interference Matrix  
  38  5:14  Marine x2  
  41  5:20  SCV  
  44  5:23  Orbital Command  
  44  5:26  Siege Tank  
  47  5:29  Refinery  
  47  5:32  SCV  
  47  5:35  Marine x2  
  49  5:40  Supply Depot  
  50  5:44  SCV  
  50  5:46  Raven  
  50  5:48  SCV  
  54  5:53  Marine x2  
  54  5:57  Supply Depot, SCV  
  55  6:06  SCV  
  55  6:09  Siege Tank, SCV  
  57  6:12  Marine x2  
  59  6:18  SCV  
  59  6:21  SCV  
  59  6:23  Supply Depot  
  61  6:30  SCV  
  62  6:33  SCV  
  62  6:35  Supply Depot  
  62  6:37  Viking, Liberator  
  68  6:42  Siege Tank  
  68  6:45  Marine  
  72  6:49  SCV x2  
  70  7:01  SCV x2  
  70  7:04  Marine  
  71  7:08  Viking  
  71  7:15  SCV x2  
  73  7:20  Viking, Siege Tank  
  78  7:23  Marine  
  78  7:27  SCV x2  
  78  7:29  Supply Depot  
  81  7:30  Supply Depot  
  81  7:39  Viking, SCV x2  
  81  7:42  Marine, Engineering Bay  
  86  7:53  Siege Tank  
  80  7:59  Marine  
  80  8:01  SCV x2  
  80  8:05  Viking  
  66  8:13  Command Center, SCV x2, Refinery  
  66  8:17  Marine  
  66  8:20  Viking  
  66  8:25  SCV x2  
  70  8:34  Siege Tank, Supply Depot  
  70  8:35  Marine  
  70  8:37  SCV  
  70  8:38  SCV  
  76  8:44  Missile Turret x2  
  76  8:49  SCV  
  76  8:50  Barracks x2, SCV  
  76  8:52  Stimpack  
  78  8:59  Liberator  
  78  9:02  SCV x2  
  83  9:08  Liberator  
  86  9:15  Marine  
  86  9:18  SCV x2  
  86  9:21  Siege Tank  
  91  9:26  Orbital Command  
  87  9:33  Marine  
  87  9:35  SCV  
  86  9:39  Marine x2  
  86  9:41  Missile Turret  
  86  9:42  Viking  
  80  9:50  Marine  
  80  9:51  Viking  
  65  10:01  Marine x2  
  62  10:07  Siege Tank  
  62  10:08  Marine  
  64  10:19  Marine x2  
  66  10:32  Viking  
  68  10:37  Viking  
  68  10:42  Marine  
  67  10:43  Marine x2  
Show
View Real Time Build Order
Export as new Build Order

GuMiho Terran - Winner!

Build Orders:  

Get SALT Encoding   

  12  0:00  SCV  
  13  0:12  SCV  
  14  0:17  Supply Depot  
  14  0:24  SCV  
  15  0:39  Barracks  
  15  0:42  Refinery  
  15  0:57  Barracks  
  15  0:59  SCV  
  16  1:11  SCV  
  16  1:13  Refinery  
  17  1:23  SCV  
  18  1:26  Reaper  
  19  1:35  Orbital Command  
  19  1:44  Reaper  
  20  1:52  Supply Depot  
  20  1:58  Reaper  
  22  2:01  SCV  
  22  2:13  SCV  
  23  2:17  Reaper  
  24  2:25  SCV  
  24  2:28  Factory  
  24  2:37  SCV  
  25  2:49  SCV, Reaper  
  27  3:02  SCV  
  26  3:08  Reaper  
  25  3:15  SCV  
  25  3:17  Hellion  
  26  3:21  Reaper  
  26  3:27  SCV  
  26  3:39  SCV  
  27  3:43  Reaper  
  27  3:51  SCV  
  27  3:53  Reaper  
  27  3:54  Factory Reactor  
  28  4:03  SCV  
  29  4:15  Command Center  
  29  4:19  SCV  
  29  4:24  Starport  
  29  4:28  Supply Depot  
  30  4:38  SCV  
  31  4:49  Cyclone x2  
  31  4:50  SCV  
  36  5:02  SCV, Medivac  
  39  5:27  Orbital Command, Cyclone x2, SCV  
  44  5:32  Starport Tech Lab  
  44  5:39  SCV  
  45  5:44  Refinery  
  45  5:46  Supply Depot  
  45  5:51  SCV  
  45  5:55  SCV  
  47  6:00  Cyclone x2  
  47  6:03  SCV  
  50  6:10  SCV  
  44  6:15  Banshee, Cloaking Field, SCV  
  46  6:22  SCV  
  47  6:27  SCV  
  47  6:29  Supply Depot  
  47  6:32  Cyclone x2  
  52  6:34  Barracks Tech Lab, SCV  
  52  6:39  Factory  
  54  6:40  SCV  
  54  6:46  SCV  
  55  6:52  SCV  
  56  6:58  Banshee, SCV  
  60  7:04  Cyclone x2, SCV  
  65  7:11  SCV  
  63  7:16  SCV  
  63  7:23  SCV  
  63  7:27  Supply Depot  
  63  7:28  SCV  
  65  7:35  SCV  
  65  7:36  Cyclone  
  65  7:37  Cyclone  
  64  7:40  SCV  
  64  7:42  Cyclone, Hurricane Engines  
  67  7:47  SCV  
  68  7:52  SCV  
  59  7:59  SCV  
  59  8:04  SCV  
  52  8:09  Cyclone x2  
  52  8:11  SCV  
  52  8:12  Banshee  
  50  8:16  SCV  
  52  8:20  Cyclone  
  52  8:23  SCV  
  54  8:28  SCV  
  55  8:35  SCV  
  55  8:41  Cyclone x2, SCV  
  61  8:45  Supply Depot  
  61  8:47  SCV  
  62  8:51  Command Center  
  62  8:56  Banshee  
  62  8:59  SCV  
  62  9:02  SCV  
  66  9:10  Siege Tank  
  66  9:11  SCV  
  66  9:14  SCV  
  71  9:23  SCV  
  72  9:27  Hellion x2  
  72  9:28  SCV  
  77  9:35  SCV  
  78  9:40  SCV  
  78  9:41  Banshee  
  78  9:42  Siege Tank  
  84  9:47  SCV  
  66  10:03  SCV x2  
  66  10:07  Hellion  
  56  10:08  Hellion  
  47  10:15  Siege Tank, SCV x2  
  52  10:27  SCV x2  
  54  10:30  Orbital Command  
  54  10:39  Viking  
  54  10:41  SCV  
  57  10:44  SCV  
  58  10:53  SCV  
Tags
 
Add a new tag
Caveats
  • Supply blocks, unpowered buildings, or Contaminate may cause inaccurate times.
  • Supply counts are checked every 10 seconds.